 Dungeon Crawl Stone Soup version 0.29.1-1-gd02db6906a (webtiles) character file.

Game seed: 7890450671720210102

99 wamuu1 the Chopper (level 4, -2/39 HPs)
             Began as a Hill Orc Fighter on Oct 15, 2022.
             Slain by a gnoll
             ... wielding a +0 flail
              (5 damage)
             ... on level 3 of the Dungeon.
             The game lasted 00:07:01 (2054 turns).

wamuu1 the Chopper (Hill Orc Fighter)               Turns: 2054, Time: 00:07:02

Health: -2/39      AC:  6    Str: 17 (20) XL:     4   Next: 72%
Magic:  4/4        EV:  9    Int:  8      God:
Gold:   86         SH:  4    Dex:  9 (10) Spells: 3/3 levels left

rFire   . . .      SeeInvis .   a - +1 war axe
rCold   . . .      Faith    .   c - +0 buckler
rNeg    . . .      Spirit   .   b - +0 scale mail
rPois   .          Reflect  .   (no helmet)
rElec   .          Harm     .   (no cloak)
rCorr   .          Rampage  .   (no gloves)
Will    .....                   (no boots)
Stlth   ..........              (no amulet)
HPRegen 0.13/turn               (no ring)
MPRegen 0.09/turn               (no ring)

@: mighty
A: no striking features
a: no special abilities


You were on level 3 of the Dungeon.
You visited 1 branch of the dungeon, and saw 3 of its levels.

You collected 86 gold pieces.

Inventory:

Hand Weapons
 a - a +1 war axe (weapon)
Missiles
 h - 14 stones (quivered)
Armour
 b - a +0 scale mail (worn)
 c - a +0 buckler (worn)
Scrolls
 e - a scroll of identify
 g - a scroll of silence
 i - a scroll of teleportation
Potions
 d - 3 potions of might
 f - 5 potions of curing


   Skills:
 - Level 3.6 Fighting
 + Level 6.3 Axes
 - Level 3.2 Armour
 - Level 3.2 Shields


You had 3 spell levels left.
You didn't know any spells.
Your spell library contained the following spells:

 Spells                   Type           Power      Damage    Failure   Level
 Apportation              Tloc           0%         N/A       88%         1
 Sandblast                Erth           0%         2d4       88%         1
 Passwall                 Tmut/Erth      0%         N/A       96%         2
 Stone Arrow              Conj/Erth      0%         3d7       99%         3
 Alistair's Intoxication  Tmut/Pois      0%         N/A       100%        5


Dungeon Overview and Level Annotations

Branches:
Dungeon (3/15)

Altars:


Message History

You slash the gnoll!
You kill the gnoll!
You closely miss the goblin.
A gnoll comes into view. It is wielding a +0 flail.
The goblin closely misses you.
You feel your intelligence returning.
Your Axes skill increases to level 6!
You slash the goblin!
You kill the goblin!
You slash the goblin!
You kill the goblin!
You slash Robin!
Robin is almost dead.
Robin roars a battlecry!
You hear a shout!
You barely miss Robin.
Robin is almost dead.
You block Robin's attack. Robin hits you but does no damage.
You slash Robin!
You kill Robin!
You feel your intelligence returning.
You hit the gnoll.
The gnoll is moderately wounded.
The gnoll hits you but does no damage.
You slash the gnoll!
The gnoll is almost dead.
The gnoll barely misses you.
You closely miss the gnoll.
The gnoll is almost dead.
The gnoll hits you with a +0 flail.
* * * LOW HITPOINT WARNING * * *
You closely miss the gnoll.
The gnoll is almost dead.
You block the gnoll's attack.
A goblin comes into view. It is wielding a +0 club.
The gnoll hits you but does no damage.
The goblin moves out of view.
You closely miss the gnoll.
The gnoll is almost dead.
The gnoll hits you with a +0 flail.
You die...

..# #.#
########### #.#
#...)......
#.#####.#########
#.#.......#
#g#)###.#.#####
###.#@#...#.....#
#g..#g#.#######.#
.gggg..#.gg#.#
#####.#
.g.g.###.###.#
#.....# ...g #.#
#.# #.#####.# ..$
#.# #.# #.......#
#. #.###.#
#..####### .
#......##........#
### #...#.#####.#


You could see a gnoll, a hobgoblin and a goblin (strong).

Vanquished Creatures
  Robin (D:3)
  2 adders (D:2)
  A gnoll (D:3)
  2 dart slugs (D:2)
  2 ball pythons
  8 bats
  2 endoplasms
  2 giant cockroaches
  12 goblins
  3 hobgoblins (D:2)
  4 jackals (D:1)
  5 kobolds
  3 quokkas (D:1)
  2 frilled lizards
  3 rats (D:1)
52 creatures vanquished.

Notes
Turn   | Place    | Note
-------+----------+-------------------------------------------
     0 | D:1      | wamuu1 the Hill Orc Fighter began the quest for the Orb.
     0 | D:1      | Reached XP level 1. HP: 19/19 MP: 1/1
    75 | D:1      | Reached skill level 3 in Axes
   344 | D:1      | Reached XP level 2. HP: 24/26 MP: 2/2
   424 | D:1      | Reached skill level 4 in Axes
   712 | D:1      | Reached XP level 3. HP: 31/31 MP: 3/3
  1218 | D:2      | Found a faded altar of an unknown god.
  1333 | D:2      | Reached skill level 5 in Axes
  1574 | D:2      | Reached XP level 4. HP: 37/39 MP: 4/4
  2028 | D:3      | Noticed Robin
  2046 | D:3      | Reached skill level 6 in Axes
  2049 | D:3      | Killed Robin
  2054 | D:3      | Slain by a gnoll

Illustrated notes

Levels and vault maps discovered:
D:1:      roderic_chinese_lattice_arrival, layout_basic
D:2:      layout_rooms, ebering_ecumenical_altar_sacrificial
D:3:      layout_basic, mainiacjoe_overflow_cross_hatched,
          nicolae_overflow_crystal_walls,
          mainiacjoe_overflow_concentric_impassable, serial_shops, shop,
          uniq_robin, uniq_jessica

Skill      XL: |  1  2  3  4 |
---------------+-------------+-----
Axes           | 3 4 5 6 |  6.3
Fighting       | |  3.6
Armour         | |  3.2
Shields        | |  3.2

Action                   |  1- 3 |  4- 6 || total
-------------------------+-------+-------++-------
Melee: War axe           |   101 |    39 ||   140
  Use: Scroll            |     5 |     1 ||     6
       Potion            |     4 |     1 ||     5
Armor: Scale mail        |    54 |    25 ||    79
Dodge: Dodged            |    60 |    22 ||    82
Block: Buckler           |    18 |     7 ||    25
